 Dungeon Crawl Stone Soup version 0.29.1-15-g9cfb28693d (webtiles) character file.

Game seed: 5012736065138338645

41 protoss039 the Digger (level 3, 26/26 HPs)
             Began as a Demonspawn Earth Elementalist on Mar 2, 2023.
             Got out of the dungeon alive.
             The game lasted 00:01:12 (1532 turns).

protoss039 the Digger (DsEE)                        Turns: 1532, Time: 00:01:13

Health: 26/26      AC:  2    Str:  8    XL:     3   Next: 32%
Magic:  6/6        EV: 12    Int: 18    God:
Gold:   67         SH:  0    Dex: 13    Spells: 4/7 levels left

rFire   + . .      SeeInvis .   h - +0 dagger (venom)
rCold   . . .      Faith    .   (no shield)
rNeg    . . .      Spirit   .   e - +0 robe {rF+}
rPois   .          Reflect  .   (no helmet)
rElec   .          Harm     .   (no cloak)
rCorr   .          Rampage  .   (no gloves)
Will    +....                   (no boots)
Stlth   ++........              (no amulet)
HPRegen 0.08/turn               d - +4 ring of slaying
MPRegen 0.10/turn               j - ring of willpower

@: no status effects
A: ignite blood 1, spiny 1
a: no special abilities


You escaped.
You visited 1 branch of the dungeon, and saw 2 of its levels.

You collected 67 gold pieces.

Inventory:

Hand Weapons
 h - a +0 dagger of venom (weapon)
Armour
 e - a +0 robe of fire resistance (worn)
Jewellery
 d - a +4 ring of slaying (left hand)
 j - a ring of willpower (right hand)
Scrolls
 c - 2 scrolls of teleportation {unknown}
 g - a scroll of identify {unknown}
 i - a scroll of vulnerability {unknown}
Potions
 a - a potion of ambrosia {unknown}
 b - a potion of magic
 f - a potion of cancellation {unknown}
 k - a potion of heal wounds {unknown}


   Skills:
 + Level 1.5 Fighting
 - Level 1.7 Dodging
 - Level 1.7 Stealth
 + Level 2.6 Spellcasting
 - Level 0.8 Transmutations
 + Level 3.2 Earth Magic


You had 4 spell levels left.
You knew the following spells:

 Your Spells              Type           Power      Damage    Failure   Level
a - Sandblast             Erth           26%        2d8       4%          1
b - Passwall              Tmut/Erth      7%         N/A       11%         2

Your spell library contained the following spells:

 Spells                   Type           Power      Damage    Failure   Level
 Stone Arrow              Conj/Erth      16%        3d8       26%         3
 Petrify                  Tmut/Erth      9%         N/A       58%         4


Dungeon Overview and Level Annotations

Branches:
Dungeon (2/15) Zot: 10459

Altars:


Innate Abilities, Weirdness & Mutations

Your demonic aura sometimes causes spilled blood to erupt in flames.
You are partially covered in sharp spines.


Message History

You feel clever. x2; Your demonic ancestry asserts itself...
Your blood heats up.
Unknown command.
Unknown command.
A worm and an adder come into view.
There are monsters nearby!
There are monsters nearby!
There are monsters nearby!
Unknown command.
The helpless adder fails to defend itself.
You puncture the adder!
The adder is poisoned.
The adder is almost dead.
The adder barely misses you. The adder misses you.
You hit the adder.
You kill the adder!
The worm misses you.
You hit the worm.
The worm is poisoned.
The worm is lightly wounded.
You hit the worm.
The worm looks as sick as possible!
The worm is moderately wounded.
The worm misses you.
You hit the worm.
The worm looks as sick as possible!
The worm is heavily wounded.
The worm is struck by your spines. The worm bites you but does no damage.
You hit the worm but do no damage.
The worm looks as sick as possible!
The worm is severely wounded.
You hit the worm but do no damage.
The worm looks as sick as possible!
The worm is severely wounded.
The worm bites you!
You barely miss the worm.
The worm is severely wounded.
You kill the worm!
Unknown command.
There is a stone staircase leading up here.
You climb upwards.
There is a stone staircase leading down here.
HP restored.
There is a staircase leading out of the dungeon here.
Are you sure you want to leave the Dungeon?
This will make you lose the game!
You have escaped!

..#.........†....................
###.....#####'#.######.#####.####
###.....# #.#..................
..#.....# #.##############.####
#.#.....# #.............##.#
#.##.#### #############...##.#
#.##.## ###...#### #.†..#.#
#.#...###......#.# #...##.#
#.#.#.##...###..@# #......#
..#...#...## ###.# #..#####
..##.....## ##.# #..# ..####...#
#..# ####..# ..###...## ##.##
#.....# ..##.....# ##..# ##.##.##
#....#...####..## #...#.#
.###..........#####...#.#
.####.......###.......#.#


There were no monsters in sight!

Vanquished Creatures
  An adder (D:2)
  A worm (D:2)
  2 dart slugs (D:1)
  A ball python (D:1)
  2 bats (D:1)
  2 endoplasms (D:1)
  2 giant cockroaches
  2 hobgoblins (D:1)
  2 quokkas
  A frilled lizard (D:1)
  2 goblins
  3 kobolds (D:1)
  5 rats
26 creatures vanquished.

Notes
Turn   | Place    | Note
-------+----------+-------------------------------------------
     0 | D:1      | protoss039 the Demonspawn Earth Elementalist began the
                  | quest for the Orb.
     0 | D:1      | Reached XP level 1. HP: 13/13 MP: 3/3
   266 | D:1      | Gained mutation: You are partially covered in sharp spines.
                  | [demonic ancestry]
   266 | D:1      | Reached XP level 2. HP: 20/20 MP: 1/5
   700 | D:1      | Reached skill level 1 in Fighting
   756 | D:1      | Reached skill level 3 in Earth Magic
  1164 | D:1      | Learned a level 2 spell: Passwall
  1394 | D:2      | Gained mutation: Your demonic aura sometimes causes spilled
                  | blood to erupt in flames. [demonic ancestry]
  1394 | D:2      | Reached XP level 3. HP: 26/26 MP: 6/6
  1532 | D:$      | Got out of the dungeon alive.

Illustrated notes

Levels and vault maps discovered:
D:1:      dpeg_arrival_round_b, layout_basic
D:2:      layout_loops_corners

Skill      XL: |  1  2 |
---------------+-------+-----
Fighting       | 1 |  1.5
Earth Magic    | 3 |  3.2
Dodging        | |  1.7
Stealth        | |  1.7
Spellcasting   | |  2.6
Transmutations | |  0.8

Action                   || total
-------------------------++-------
Melee: Club              ||    22
       Dagger            ||    28
 Cast: Sandblast         ||     8
 Stab: Sleeping          ||     5
Armor: Robe              ||     6
Dodge: Dodged            ||    26
